 Dungeon Crawl Stone Soup version 0.30.0-11-gf55b779eaf (webtiles) character file.

Game seed: 2827653592487068917

0 jasper the Sneak (level 1, -12/11 HPs)
             Began as a Spriggan Delver on May 16, 2023.
             Mangled by Menkaure (23 damage)
             ... on level 4 of the Dungeon.
             The game lasted 00:01:06 (148 turns).

jasper the Sneak (Spriggan Delver)                   Turns: 148, Time: 00:01:07

Health: -12/11     AC:  2    Str:  8    XL:     1   Next: 8%
Magic:  2/2        EV: 17    Int: 11    God:
Gold:   0          SH:  0    Dex: 16    Spells: 0/0 levels left

rFire   . . .        a - +0 short sword
rCold   . . .        (no shield)
rNeg    . . .        b - +0 robe
rPois   .            (helmet restricted)
rElec   .            (no cloak)
rCorr   .            (gloves unavailable)
SInv    +            (boots unavailable)
Will    .....        (no amulet)
Stlth   ++++         (no ring)
HPRegen 0.21/turn    (no ring)
MPRegen 0.08/turn

%: no passive effects
@: very quick
A: very small, no large weapons, unfitting armour, see invisible, speed 3
a: no special abilities


You were on level 4 of the Dungeon.
You visited 1 branch of the dungeon, and saw 2 of its levels.

Inventory:

Hand Weapons
 a - a +0 short sword (weapon)
Armour
 b - a +0 robe (worn)
Wands
 g - a wand of digging (3)
 i - a wand of mindburst (12)
 j - a wand of iceblast (7)
Scrolls
 c - a scroll of fog
 d - 2 scrolls of magic mapping
 e - a scroll of fear
 h - 3 scrolls of identify {unknown}
Potions
 f - a potion of haste


   Skills:
 - Level 2.4 Fighting
 - Level 2.2 Short Blades
 - Level 2.7 Dodging
 - Level 7.2 Stealth
 + Level 0.0 Evocations


You couldn't memorise any spells.
You didn't know any spells.
Your spell library contained the following spells:

 Spells                   Type           Power      Damage    Failure   Level
 Lesser Beckoning         Tloc           0%         N/A       47%         2
 Gell's Gravitas          Tloc           0%         N/A       71%         3
 Teleport Other           Tloc           0%         N/A       71%         3


Dungeon Overview and Level Annotations

Branches:
Dungeon (5/15)
 Temple: D:4-7

Altars:
Sif Muna

Annotations:
D:4 Dowan, Menkaure


Innate Abilities, Weirdness & Mutations

You are very small and have problems with some larger weapons.
You are too small for most types of armour.
You have supernaturally acute eyesight. (SInv)
You cover ground extremely quickly. (Speed+++)


Message History

h - a scroll labelled EHES XI LUXT A scorpion comes into view.
There is a stone staircase leading down here.
An iguana comes into view.
The iguana hisses angrily.
Found a stone staircase leading up.
Found 17 gold pieces.
There is a stone staircase leading up here.
You climb upwards.
Found 2 stones, a scroll labelled EHES XI LUXT and a book of Displacement.
There is a stone staircase leading down here.
The helpless ball python fails to defend itself.
You impale the ball python!!
You kill the ball python!
Found a scroll labelled EHES XI LUXT and a forked wooden wand.
Found a twisted wooden wand.
h - 2 scrolls labelled EHES XI LUXT (gained 1)
You pick up a book of Displacement and begin reading...
You add the spells Lesser Beckoning, Gell's Gravitas and Teleport Other to your library.
i - a wand of mindburst (13)
Found a scroll of magic mapping.
h - 3 scrolls labelled EHES XI LUXT (gained 1)
j - a wand of iceblast (7)
d - 2 scrolls of magic mapping (gained 1) Dowan, Brother of Duvessa comes into view.
He is wielding a +0 dagger.
Found Sif Muna's Almanac of Necromantic Mysteries.
Found a shimmering blue altar of Sif Muna.
A lemure comes into view.
Found a scroll labelled VEDDIJAYGI.
Found a sling.
Menkaure, Prince of Dust comes into view.
Menkaure shouts!
You see here a +0 sling.
You hit Menkaure but do no damage.
Aiming: Mindburst
Press: ? - help, Shift-Dir - straight line, f - Menkaure
Aim: Menkaure (chance to affect: 64%) Menkaure's mind is blasted!
Menkaure hits you!!
Ouch! That really hurt!
You die...

.....#>.#####.#
##............#
#(..#..#####..##
#......#####...#
#...........#..#
..##........#..####
.. #........##....#
.. #........##.#.##
## #........##.#@#
...########.#M#
#### #.#.# #.#.#
#.#.# #.#.# ..# .##


You could see Menkaure.

Vanquished Creatures
  A ball python (D:4)
1 creature vanquished.

Notes
Turn   | Place    | Note
-------+----------+-------------------------------------------
     0 | D:5      | jasper the Spriggan Delver began the quest for the Orb.
     0 | D:5      | Reached XP level 1. HP: 11/11 MP: 2/2
    14 | D:5      | Noticed a scorpion
    46 | D:5      | Noticed an iguana
   113 | D:4      | Found a shimmering blue altar of Sif Muna.
   113 | D:4      | Noticed Dowan
   133 | D:4      | Noticed a lemure
   144 | D:4      | Noticed Menkaure
   148 | D:4      | Mangled by Menkaure

Illustrated notes

Levels and vault maps discovered:
D:4:      layout_rooms, nzn_overflow_gifts_of_might_and_magic,
          minmay_temple_entry_from_below_a, uniq_menkaure, uniq_pikel,
          uniq_duvessa
D:5:      layout_rooms, serial_shops, shop, shop, shop,
          kennysheep_generic_room_10

Action                     || total
---------------------------++-------
  Melee: Short sword       ||     2
  Evoke: Wand              ||     1
   Stab: Sleeping          ||     1
